 Dungeon Crawl Stone Soup version 0.28-a0-723-g095bd1b44f (webtiles) character file.

Game seed: 16634680427170325348

1869 Tarus the Twirler (level 9, -1/68 HPs)
             Began as a Human Berserker on Oct 26, 2021.
             Was a Priest of Trog.
             Slain by Sigmund (10 damage)
             ... on level 6 of the Dungeon.
             The game lasted 00:57:56 (9868 turns).

Tarus the Twirler (Human Berserker)                 Turns: 9868, Time: 00:57:57

Health: -1/68      AC: 12    Str: 27    XL:     9   Next: 35%
Magic:  9/9        EV: 12    Int:  7    God:    Trog [***...]
Gold:   289        SH:  0    Dex: 13    Spells: 8/8 levels left

rFire   + . .      SeeInvis .   p - +7 whip of Exquisite Death {vorpal, Str+6}
rCold   . . .      Faith    .   (no shield)
rNeg    . . .      Spirit   .   q - +0 scale mail
rPois   .          Reflect  .   (no helmet)
rElec   .          Harm     .   d - +0 cloak
rCorr   .          Rampage  .   (no gloves)
Will    ++...                   (no boots)
Stlth   +.........              (no amulet)
HPRegen 1.21/turn               m - +4 ring of protection
MPRegen 0.11/turn               R - ring of protection from fire

@: lethally poisoned (-1 -> -6), strong-willed, regenerating
A: no striking features
a: Renounce Religion, Berserk, Trog's Hand


You were on level 6 of the Dungeon.
You worshipped Trog.
Trog was most pleased with you.
You visited 1 branch of the dungeon, and saw 6 of its levels.

You collected 289 gold pieces.

Inventory:

Hand Weapons
 a - a +0 vampiric dagger
 c - a +1 dagger of venom
 h - a +0 hunting sling
 l - a +4 quarterstaff of electrocution
 n - a +0 mace
 o - a +3 short sword
 p - the +7 whip of Exquisite Death (weapon) {vorpal, Str+6}
   (You found it on level 5 of the Dungeon)

   It inflicts extra damage upon your enemies.
   Str:       It affects your strength (+6).
 u - a +0 shortbow
 D - a +1 whip of freezing
 F - a +0 spear
 G - a +0 spear
 J - a +1 dagger of protection
 N - a +2 dagger of speed
 P - a +0 short sword
 T - a +0 flail
 Y - a +0 flail
Missiles
 e - 93 stones (quivered)
 s - 48 sling bullets
 t - 83 arrows
 B - 5 silver boomerangs
 I - 59 bolts
 O - 15 poisoned darts
 Z - 3 boomerangs
Armour
 b - a +2 robe of cold resistance
 d - a +0 cloak (worn)
 j - a +0 ring mail
 q - a +0 scale mail (worn)
 r - a +0 ring mail
 y - a +0 scale mail
 A - a +0 scale mail
Magical Staves
 L - a staff of earth
Jewellery
 f - a ring of wizardry
 m - a +4 ring of protection (left hand)
 R - a ring of protection from fire (right hand)
Wands
 k - a wand of flame (33)
Scrolls
 g - a scroll of teleportation
 w - 5 scrolls of identify
Potions
 i - 2 potions of curing
 W - 2 potions of attraction
 X - a potion of haste


   Skills:
 + Level 5.3 Fighting
 + Level 1.0 Short Blades
 + Level 4.0(4.3) Axes
 + Level 2.2(5.5) Maces & Flails
 + Level 6.6(6.8) Staves
 + Level 5.6 Armour
 + Level 4.1 Dodging
 + Level 2.7 Stealth


You had 8 spell levels left.
You didn't know any spells.
Your spell library was empty.

Dungeon Overview and Level Annotations

Branches:
Dungeon (6/15)             Temple (0/1) D:4

Altars:
Makhleb
Zin

Annotations:
D:6 Sigmund


Message History

You barely miss the ogre. You whack the ogre!
The ogre is heavily wounded.
The ogre hits you with a +0 giant club!
You whack the ogre!
The ogre is severely wounded.
The ogre hits you with a +0 giant club!
You hit the ogre.
The ogre is almost dead.
Sigmund screams, "I am the angel of ZOT!!!"
You hit the ogre.
You kill the ogre!
Trog accepts your kill.
Sigmund hits you from afar with a +2 scythe of venom.
You are poisoned.
Your base Maces & Flails skill increases to level 2!
You feel sick.
You see here a +0 giant club.
Found a stone staircase leading up.
You feel sick.
Sigmund hits you with a +2 scythe of venom.
You hit Sigmund.
Sigmund is lightly wounded.
You feel sick.
Sigmund gestures wildly while chanting.
Sigmund flickers and vanishes!
Deactivating autopickup; reactivate with Ctrl-A.
You hit something.
You feel sick. Something hits you!
You are more poisoned.
You closely miss something.
You feel sick.
You whack something!
You feel sick. Something hits you.
* * * LOW HITPOINT WARNING * * *
You are lethally poisoned!
You hit something but do no damage.
* * * LOW HITPOINT WARNING * * *
You feel very sick.
Your skin crawls.
You feel strong-willed.
You feel very sick. Something hits you!
You die...

#<# #.# #.# #.#
## #.# .. #.#
.###. #{#
..<[..#@#########
.......).......>#
.#....######.####
####. #.# # #.#
.. #.# #.# #.# ..
#.# #.## #.#


There were no monsters in sight!

Vanquished Creatures
  Pikel (D:4)
  A sky beast (D:5)
  An ogre (D:6)
  A necrophage (D:6)
  A centaur (D:6)
  3 lemures
  A scorpion (D:4)
  2 water moccasin zombies (D:5)
  3 bullfrog zombies (D:5)
  A bullfrog skeleton (D:5)
  A centaur zombie (D:5)
  A gnoll shaman (D:5)
  4 orc priests
  Crazy Yiuf (D:3)
  A centaur skeleton (D:5)
  A jelly (D:5)
  Jessica (D:3)
  2 iguanas
  Natasha (thrice) (D:2)
  4 orc wizards
  Terence (D:3)
  2 hound skeletons
  4 gnolls (D:4)
  7 adders
  An ufetubus (D:5)
  An adder skeleton (D:5)
  13 orcs
  5 endoplasms
  A giant cockroach (D:2)
  5 goblins
  7 hobgoblins
  9 jackals
  A quokka (D:4)
  7 ball pythons
  5 bats
  3 frilled lizards
  A kobold (D:4)
  4 rats
111 creatures vanquished.

Vanquished Creatures (others)
  14 demonic plants (D:1)
  14 fungi (D:1)
  14 plants (D:1)
  4 toadstools (D:1)
  11 withered plants (D:1)
57 creatures vanquished.

Grand Total: 168 creatures vanquished

Notes
Turn   | Place    | Note
-------+----------+-------------------------------------------
     0 | D:1      | Tarus the Human Berserker began the quest for the Orb.
     0 | D:1      | Reached XP level 1. HP: 18/18 MP: 1/1
  1064 | D:1      | Found a faded altar of an unknown god.
  1132 | D:1      | Reached XP level 2. HP: 24/24 MP: 2/2
  2458 | D:2      | Noticed Natasha
  2464 | D:2      | Killed Natasha
  2465 | D:2      | Reached XP level 3. HP: 21/29 MP: 3/3
  2890 | D:2      | Noticed Natasha
  2904 | D:2      | Killed Natasha
  2905 | D:2      | Reached skill level 1 in Stealth
  2905 | D:2      | Reached XP level 4. HP: 25/35 MP: 4/4
  2986 | D:2      | Noticed Natasha
  2996 | D:2      | Killed Natasha
  3130 | D:2      | Reached ** piety under Trog
  3131 | D:2      | Reached XP level 5. HP: 42/42 MP: 5/5
  3281 | D:2      | Found a burning altar of Makhleb.
  3545 | D:3      | Noticed Crazy Yiuf
  3545 | D:3      | Found a runed translucent door.
  3553 | D:3      | Killed Crazy Yiuf
  4228 | D:3      | Noticed Jessica
  4229 | D:3      | Noticed Terence
  4240 | D:3      | Killed Terence
  4241 | D:3      | Reached skill level 1 in Staves
  4241 | D:3      | Reached XP level 6. HP: 40/48 MP: 6/6
  4247 | D:3      | Killed Jessica
  4248 | D:3      | Reached skill level 1 in Short Blades
  4933 | D:4      | Found a staircase to the Ecumenical Temple.
  4957 | D:4      | Reached skill level 2 in Staves
  6127 | D:4      | Reached XP level 7. HP: 33/54 MP: 7/7
  6751 | D:4      | Reached *** piety under Trog
  7014 | D:5      | Entered Level 5 of the Dungeon
  7035 | D:5      | Reached skill level 3 in Staves
  7415 | D:5      | Reached skill level 4 in Staves
  7714 | D:5      | Noticed Pikel
  7746 | D:4      | Reached XP level 8. HP: 49/61 MP: 8/8
  7917 | D:4      | HP: 3/61 [lemure[Pikel] (4)]
  7946 | D:4      | Killed Pikel
  7947 | D:4      | Reached skill level 5 in Fighting
  7947 | D:4      | Reached skill level 5 in Staves
  8283 | D:5      | Reached skill level 5 in Armour
  8307 | D:5      | Found a glowing silver altar of Zin.
  9000 | D:5      | Identified the +7 whip of Exquisite Death {vorpal, Str+6}
  9012 | D:5      | Reached skill level 6 in Staves
  9012 | D:5      | Reached XP level 9. HP: 57/68 MP: 9/9
  9118 | D:5      | Reached skill level 1 in Maces & Flails
  9855 | D:6      | Noticed Sigmund
  9868 | D:6      | Slain by Sigmund

Illustrated notes

Levels and vault maps discovered:
D:1:      ldierk_walled_garden_2, layout_loops_ring, serial_forest,
          infiniplex_forest_lined_room_2, infiniplex_forest_end_1,
          infiniplex_forest_lined_2, infiniplex_forest_clump_curved,
          infiniplex_forest_clump_medium, infiniplex_forest_lined_3,
          shapermc_ecumenical_altar_gd, minmay_tromino_v4_b
D:2:      layout_rooms, basic_altar, uniq_natasha
D:3:      layout_basic, chequers_jeans, uniq_terence, uniq_crazy_yiuf_cottage,
          uniq_jessica
D:4:      layout_loops_corners, temple_fountains
D:5:      cheibrodos_fzero, layout_gridville, nicolae_overflow_hidden_temple,
          uniq_pikel
D:6:      layout_basic, uniq_menkaure, uniq_sigmund

Skill      XL: |  1  2  3  4  5  6  7  8  9 |
---------------+----------------------------+-----
Stealth        | 1 2 |  2.7
Axes           | 4 |  4.0
Staves         | 1 2 4 6 |  6.6
Fighting       | 4 5 |  5.3
Short Blades   | 1 |  1.0
Armour         | 3 4 5 |  5.6
Dodging        | 3 4 |  4.1
Maces & Flails | 2 |  2.2

Action                   |  1- 3 |  4- 6 |  7- 9 || total
-------------------------+-------+-------+-------++-------
Melee: Hand axe          |    99 |       |       ||    99
       Dagger            |   107 |    26 |       ||   133
       Quarterstaff      |       |    83 |   103 ||   186
       Whip              |       |       |    53 ||    53
Invok: Berserk           |     3 |     1 |     4 ||     8
       Trog's Hand       |       |       |     2 ||     2
  Use: Scroll            |     2 |     2 |     2 ||     6
       Potion            |       |     4 |     3 ||     7
 Stab: Sleeping          |     1 |       |       ||     1
       Paralysed         |       |     1 |       ||     1
Armor: Animal skin       |    20 |       |       ||    20
       Scale mail        |       |    28 |   102 ||   130
       Ring mail         |       |    10 |       ||    10
Dodge: Dodged            |    41 |    68 |   126 ||   235

Table legend: (Time is in decaauts)
 A = Elapsed time spent in this place.
 B = Non-inter-level travel time spent in this place.
 C = Inter-level travel time spent in this place.
 D = Time resting spent in this place.
 E = Time spent auto-exploring this place.
 F = Levels seen in this place.
 G = Mean time per level.
                   A        B        C        D        E       F      G
               +--------+--------+--------+--------+--------+-----+--------+
         Total |   9979 |   9979 |      0 |   3210 |    192 |   6 | 1663.2 |
       Dungeon |   9979 |   9979 |      0 |   3210 |    192 |   6 | 1663.2 |
               +--------+--------+--------+--------+--------+-----+--------+

Top non-repeatable levels by time:
     D:4: 2646 daAuts
     D:1: 2357 daAuts
     D:5: 2172 daAuts
     D:2: 1331 daAuts
     D:3: 1300 daAuts
     D:6: 171 daAuts
